 Dungeon Crawl Stone Soup version 0.28-a0-1227-ga9037bb4c8 (webtiles) character file.

Game seed: 1028896163048390200

79 ChaosChampion the Insei (level 4, 0/28 HPs)
             Began as an Octopode Transmuter on Dec 22, 2021.
             Slain by a giant cockroach (2 damage)
             ... on level 4 of the Dungeon.
             The game lasted 00:03:21 (3889 turns).

ChaosChampion the Insei (Octopode Transmuter)       Turns: 3889, Time: 00:03:22

Health: 0/28       AC: -7    Str:  9    XL:     4   Next: 38%
Magic:  7/7        EV: 13    Int: 17    God:
Gold:   194        SH:  0    Dex: 12    Spells: 1/7 levels left

rFire   . . .      SeeInvis .     - Unarmed
rCold   . . .      Faith    .   (no shield)
rNeg    . . .      Spirit   .   (helmet restricted)
rPois   .          Reflect  .   (no amulet)
rElec   .          Harm     .   (no ring)
rCorr   .          Rampage  .   (no ring)
Will    .....                   (no ring)
Stlth   ++........              (no ring)
HPRegen 0.09/turn               (no ring)
MPRegen 0.10/turn               (no ring)
                                (no ring)
                                (no ring)

@: weak-willed, corroded
A: almost no armour, amphibious, 8 rings, camouflage 1, gelatinous body 1,
(nimble swimmer 1), tentacles
a: no special abilities


You were on level 4 of the Dungeon.
You visited 1 branch of the dungeon, and saw 4 of its levels.

You collected 194 gold pieces.

Inventory:

Jewellery
 g - an amulet of reflection
Scrolls
 c - a scroll of noise
 h - a scroll of enchant armour {unknown}
 m - a scroll of fog {unknown}
 n - 2 scrolls of teleportation {unknown}
 o - a scroll of torment {unknown}
 q - a scroll of amnesia {unknown}
 s - a scroll of fear {unknown}
Potions
 a - a potion of ambrosia
 b - a potion of heal wounds
 e - a potion of curing {unknown}
 i - a potion of berserk rage
 j - a potion of attraction {unknown}
 k - a potion of degeneration {unknown}
 l - a potion of flight {unknown}
 p - a potion of resistance {unknown}
 r - 2 potions of mutation {unknown}


   Skills:
 - Level 1.0 Fighting
 - Level 2.0 Dodging
 * Level 4.5 Unarmed Combat
 - Level 2.0 Spellcasting
 + Level 3.0 Transmutations


You had one spell level left.
You knew the following spells:

 Your Spells              Type           Power      Damage    Failure   Level
a - Beastly Appendage     Tmut           22%        N/A       5%          1
b - Wereblood             Tmut           11%        N/A       9%          2
c - Spider Form           Tmut/Pois      6%         N/A       30%         3

Your spell library contained the following spells:

 Spells                   Type           Power      Damage    Failure   Level
 Magic Dart               Conj           4%         1d3       19%         1
 Call Imp                 Summ           1%         N/A       28%         2
 Mephitic Cloud           Conj/Pois/Air  1%         N/A       50%         3
 Ice Form                 Ice/Tmut       6%         N/A       71%         4
 Summon Lightning Spire   Summ/Air       1%         N/A       88%         4
 Storm Form               Tmut/Air       3%         N/A       100%        7
 Maxwell's Capacitive Co  Air            0%         ∞         100%        8


Dungeon Overview and Level Annotations

Branches:
Dungeon (4/15)
 Temple: D:4-7

Altars:


Innate Abilities, Weirdness & Mutations

You cannot wear most types of armour.
You are amphibious.
You can wear up to eight rings at the same time.
Your skin changes colour to match your surroundings (Stealth+).
Your rubbery body absorbs attacks. (AC +1, EV +1)
((You are camouflaged when in or above water. (Stealth+)))
You have tentacles for arms and can constrict up to eight enemies at once.


Message History

It was a scroll of noise.
The jelly quivers.
You hear an angry hiss.
You hear a shout!
A giant cockroach comes into view.
As you read the scroll labelled KEDGHI XUNOI, it crumbles to dust.
It is a scroll of identify.
a - a potion of ambrosia
As you read the scroll of identify, it crumbles to dust.
i - a potion of berserk rage
As you read the scroll of identify, it crumbles to dust.
b - a potion of heal wounds
As you read the scroll labelled FYECWIO IXIHISM, it crumbles to dust.
Magic quickly surges around you.
It was a scroll of vulnerability.
You tentacle-slap the jelly. The acid corrodes you!
Your tentacles burn!
You squeeze the jelly.
The jelly is moderately wounded.
The jelly closely misses you.
You tentacle-slap the jelly.
Your tentacles burn!
The jelly is heavily wounded.
The jelly barely misses you. The giant cockroach barely misses you.
You tentacle-slap the jelly.
Your tentacles burn!
You squeeze the jelly, but do no damage.
The jelly is almost dead.
The giant cockroach bites you. The jelly hits you. The acid corrodes you!
You are splashed with acid!
* * * LOW HITPOINT WARNING * * *
You are too injured to fight recklessly!
You are too injured to fight recklessly!
Casting: Wereblood (safe; 9% risk of failure)
Confirm with . or Enter, or press ? or * to list all spells.
The spell is extremely dangerous to miscast (30% risk of failure)!
Continue anyway? [Y]es or [N]o only, please.
The spell is extremely dangerous to miscast (30% risk of failure)!
Continue anyway?
Okay, then.
You tentacle-slap the jelly but do no damage.
Your tentacles burn!
* * * LOW HITPOINT WARNING * * *
The jelly is almost dead.
The giant cockroach bites you.
You die...

#...... #.##### #......
.#..... ..#..... ..
#..... ....#.....
######+###+##....######
#.....@J...............
#.....B................
#......................
+.!....................
#......................
......#+#######+##....##
...... #....# ......
#....# ##....#


You could see a jelly (weak-willed) and a giant cockroach (weak-willed).

Vanquished Creatures
  2 adders
  A worm (D:2)
  A dart slug (D:1)
  3 orcs (D:3)
  5 endoplasms
  4 giant cockroaches
  4 goblins
  6 hobgoblins
  4 jackals (D:3)
  4 quokkas
  4 ball pythons
  2 bats
  2 frilled lizards
  6 kobolds
  3 rats
51 creatures vanquished.

Notes
Turn   | Place    | Note
-------+----------+-------------------------------------------
     0 | D:1      | ChaosChampion the Octopode Transmuter began the quest for
                  | the Orb.
     0 | D:1      | Reached XP level 1. HP: 13/13 MP: 3/3
   277 | D:1      | Found a faded altar of an unknown god.
   294 | D:1      | Reached XP level 2. HP: 13/18 MP: 5/5
  1494 | D:2      | Reached XP level 3. HP: 20/23 MP: 6/6
  1540 | D:2      | Learned a level 2 spell: Wereblood
  1544 | D:2      | Learned a level 3 spell: Spider Form
  2027 | D:2      | You fall into a shaft and drop 2 floors!
  2072 | D:4      | Noticed a centaur
  2183 | D:3      | Reached skill level 4 in Unarmed Combat
  3111 | D:3      | Reached XP level 4. HP: 28/28 MP: 3/7
  3889 | D:4      | Slain by a giant cockroach

Illustrated notes

Levels and vault maps discovered:
D:1:      psy_arrival_whirlpool, layout_loops_corners,
          dreamdust_ecumenical_altar_grove, minmay_ruptured
D:2:      layout_basic, chequers_serial_rivers_large_b
D:3:      layout_loops_corners, minmay_fountain_box, nrook_mini_backslash,
          kennysheep_generic_room_12
D:4:      layout_gridville, mainiacjoe_overflow_boulevard, uniq_blork_the_orc

Skill      XL: |  1  2  3  4 |
---------------+-------------+-----
Unarmed Combat | 4 |  4.5
Transmutations | 3 |  3.0
Fighting       | |  1.0
Dodging        | |  2.0
Spellcasting   | |  2.0

Action                   |  1- 3 |  4- 6 || total
-------------------------+-------+-------++-------
Melee: Unarmed           |    97 |    33 ||   130
       Constrict         |    24 |     6 ||    30
       Tentacles         |    16 |     5 ||    21
       Punch             |     2 |       ||     2
       Kick              |     1 |     2 ||     3
 Cast: Beastly Appendage |     4 |     2 ||     6
       Wereblood         |     2 |     2 ||     4
       Spider Form       |     1 |       ||     1
  Use: Scroll            |       |     5 ||     5
 Stab: Sleeping          |     7 |     4 ||    11
Armor: Skin              |     3 |     2 ||     5
Dodge: Dodged            |    42 |    19 ||    61

Table legend: (Time is in decaauts)
 A = Elapsed time spent in this place.
 B = Non-inter-level travel time spent in this place.
 C = Inter-level travel time spent in this place.
 D = Time resting spent in this place.
 E = Time spent auto-exploring this place.
 F = Levels seen in this place.
 G = Mean time per level.
                   A        B        C        D        E       F      G
               +--------+--------+--------+--------+--------+-----+--------+
         Total |   3881 |   3760 |    121 |    329 |   2929 |   4 |  970.2 |
       Dungeon |   3881 |   3760 |    121 |    329 |   2929 |   4 |  970.2 |
               +--------+--------+--------+--------+--------+-----+--------+

Top non-repeatable levels by time:
     D:3: 1509 daAuts
     D:2: 1384 daAuts
     D:1: 916 daAuts
     D:4: 71 daAuts
